Map: Catalyst LE

Players

Scarlett - Winner!

  • Race: Zerg Zerg
  • League: Master
  • Spawn Location: 5:00

Ragnarok (SHIN)

  • Race: Zerg Zerg
  • League: Grandmaster
  • Spawn Location: 11:00

Event: Memes & Dreams Invitational

VOD

Have the link to the VOD?

Description

Time

  • Played on: April 13, 2018, 4:34 a.m.
  • Length: 7:06

All games in this series

Show
View Real Time Build Order
Export as new Build Order

Scarlett Zerg - Winner!

Build Orders: Hatch First 

Get SALT Encoding   

  12  0:00  Drone  
  13  0:12  Overlord  
  13  0:17  Drone  
  14  0:30  Drone x2  
  16  0:48  Hatchery  
  15  0:51  Drone  
  15  0:55  Drone  
  17  0:58  Drone  
  18  1:08  Extractor  
  17  1:14  Spawning Pool  
  17  1:17  Drone  
  17  1:20  Drone  
  18  1:28  Drone  
  19  1:38  Drone  
  20  1:49  Overlord  
  20  2:00  Drone x2  
  20  2:01  Queen x2  
  26  2:10  Zergling x2  
  27  2:16  Drone  
  27  2:21  Drone x2  
  30  2:32  Drone x2  
  32  2:37  Queen  
  34  2:48  Evolution Chamber  
  34  2:50  Roach Warren  
  34  2:51  Drone x2  
  34  2:52  Lair  
  34  2:56  Overlord  
  34  3:03  Drone  
  34  3:04  Drone  
  36  3:12  Evolution Chamber  
  35  3:15  Drone  
  35  3:16  Drone x2, Zerg Missile Weapons Level 1  
  38  3:20  Extractor  
  38  3:22  Drone x2  
  39  3:28  Drone, Overlord  
  40  3:41  Overlord  
  40  3:51  Glial Reconstitution  
  40  4:01  Roach x5  
  50  4:04  Roach  
  52  4:10  Roach  
  54  4:18  Overlord, Roach x2  
  58  4:26  Roach  
  58  4:28  Overlord  
  60  4:44  Roach  
  60  4:45  Roach x3  
  68  4:47  Queen  
  68  4:49  Extractor, Overlord  
  67  4:58  Roach  
  67  4:59  Overlord, Roach x3  
  75  5:07  Overlord  
  75  5:14  Roach x3  
  81  5:21  Roach x2  
  84  5:31  Roach x2  
  84  5:32  Hatchery  
  83  5:41  Drone  
  83  5:42  Drone x4  
  86  5:52  Drone  
  85  5:59  Drone x2  
  85  6:04  Drone  
  85  6:07  Drone  
  75  6:14  Extractor, Overlord, Queen  
  75  6:15  Drone x3  
  71  6:21  Drone  
  71  6:24  Drone  
  57  6:47  Drone x3  
  57  6:48  Drone x2  
  57  6:49  Drone x2  
Show
View Real Time Build Order
Export as new Build Order

Ragnarok Zerg 

Build Orders: Pool First 

Get SALT Encoding   

  12  0:00  Drone  
  13  0:12  Overlord  
  13  0:17  Drone  
  14  0:31  Drone x2  
  14  0:34  Drone  
  17  0:45  Extractor  
  17  0:46  Spawning Pool  
  17  0:49  Drone  
  16  0:56  Drone  
  17  1:07  Drone  
  18  1:19  Hatchery  
  17  1:33  Queen, Zergling x2  
  20  1:42  Drone  
  20  1:43  Drone  
  22  1:48  Metabolic Boost  
  22  1:56  Overlord  
  22  2:08  Drone, Baneling Nest  
  22  2:16  Queen  
  22  2:21  Drone  
  25  2:28  Drone  
  26  2:31  Drone  
  26  2:34  Drone  
  28  2:41  Zergling x6  
  31  2:44  Zergling x2  
  31  2:51  Baneling, Overlord  
  32  2:52  Baneling  
  32  2:55  Drone  
  32  2:58  Drone  
  34  3:06  Drone x2  
  36  3:14  Drone x3  
  36  3:18  Overlord  
  36  3:19  Drone  
  40  3:24  Lair  
  40  3:27  Drone  
  40  3:29  Drone  
  40  3:31  Drone  
  40  3:33  Drone  
  44  3:37  Drone  
  44  3:39  Drone  
  46  3:43  Drone  
  46  3:48  Evolution Chamber  
  46  3:51  Roach Warren  
  46  3:52  Extractor  
  46  3:54  Extractor, Drone x2  
  45  3:58  Drone x2  
  45  3:59  Drone  
  48  4:02  Overlord  
  48  4:11  Drone  
  48  4:12  Drone  
  48  4:14  Zerg Missile Weapons Level 1  
  50  4:20  Hatchery  
  50  4:24  Drone  
  51  4:28  Overlord  
  51  4:30  Glial Reconstitution  
  50  4:32  Overseer  
  50  4:34  Roach  
  50  4:36  Roach  
  54  4:40  Roach  
  54  4:45  Roach x2  
  60  4:50  Roach x2  
  63  4:53  Overlord  
  63  4:55  Roach  
  65  5:01  Spine Crawler, Roach  
  65  5:04  Spine Crawler x2  
  65  5:05  Roach  
  67  5:12  Roach x4  
  74  5:19  Roach  
  74  5:21  Overlord  
  76  5:28  Roach  
  76  5:32  Roach x2  
  69  5:38  Roach x3  
  71  5:46  Roach x2  
  74  5:53  Roach x3  
  74  5:55  Overlord  
  80  5:59  Overlord  
  80  6:07  Roach  
  80  6:10  Queen, Roach  
  74  6:18  Roach x2  
  58  6:28  Roach x2  
  55  6:39  Roach x2  
  55  6:42  Roach  
  55  6:46  Roach  
Tags
 
Add a new tag
Caveats
  • Supply blocks, unpowered buildings, or Contaminate may cause inaccurate times.
  • Supply counts are checked every 10 seconds.